 Dungeon Crawl Stone Soup version 0.21-a0-221-gfe971b9 (webtiles) character file.

53 tidbits the Changer (level 3, -7/27 HPs)
             Began as a Demigod Transmuter on Aug 26, 2017.
             Mangled by Gorglomux's ghost (9 damage)
             ... on level 4 of the Dungeon.
             The game lasted 00:05:47 (763 turns).

tidbits the Changer (Demigod Transmuter)             Turns: 763, Time: 00:05:48

Health: -7/27      AC:  2    Str: 13    XL:     3   Next: 41%
Magic:  7/8        EV: 12    Int: 19    God:
Gold:   33         SH:  0    Dex: 16    Spells: 0/6 levels left

rFire    . . .     SeeInvis .   b - +0 hunting sling
rCold    . . .     Gourm    .   (no shield)
rNeg     . . .     Faith    .   l - +0 robe
rPois    .         Spirit   .   (no helmet)
rElec    .         Reflect  .   (no cloak)
rCorr    .         Harm     .   (no gloves)
MR       .....                  (no boots)
Stlth    +.........             (no amulet)
HPRegen  0.09/turn              (no ring)
MPRegen  0.11/turn              (no ring)

@: no status effects
A: high mp 1
a: no special abilities


You were on level 4 of the Dungeon.
You were not hungry.

You visited 1 branch of the dungeon, and saw 5 of its levels.

You collected 33 gold pieces.

Inventory:

Hand Weapons
 b - a +0 hunting sling (weapon)
 j - a +0 dagger
Missiles
 a - 2 arrows
 e - 16 stones (quivered)
 g - 34 bolts
Armour
 f - a +0 ring mail
 l - a +0 robe (worn)
 n - a +0 ring mail
Jewellery
 o - an uncursed ring of stealth {unknown}
   (You found it on level 5 of the Dungeon)
 p - an uncursed amulet of the gourmand {unknown}
   (You found it on level 5 of the Dungeon)
Scrolls
 i - a scroll of blinking {unknown}
 m - a scroll of identify {unknown}
Books
 c - a book of Changes

   Spells                             Type                      Level
   a - Beastly Appendage              Transmutation                1
   b - Sticks to Snakes               Transmutation                2
   c - Spider Form                    Transmutation/Poison         3
   d - Ice Form                       Ice/Transmutation            4
   e - Blade Hands                    Transmutation                5
Comestibles
 d - a bread ration
 h - 2 chunks of flesh
 k - 2 royal jellies


   Skills:
 - Level 0.8 Fighting
 - Level 1.7 Dodging
 + Level 2.7 Unarmed Combat
 - Level 2.0 Spellcasting
 - Level 3.4 Transmutations


You couldn't memorise any spells.
You knew the following spells:

 Your Spells              Type           Power        Failure   Level  Hunger
e - Beastly Appendage     Tmut           ###...       4%          1    #......
k - Sticks to Snakes      Tmut           ###.....     6%          2    ###....
p - Spider Form           Tmut/Pois      #.........   26%         3    ###....


Dungeon Overview and Level Annotations

Branches:
Dungeon (5/15)
 Temple: D:4-7

Annotations:
D:4 Gorglomux's ghost, novice HOEE


Innate Abilities, Weirdness & Mutations

You have an increased reservoir of magic. (+10% MP)


Message History

Your ball python constricts the iguana.
The iguana barely misses your ball python.
Your adder bites the iguana but does no damage.
The iguana looks more healthy.
Your ball python barely misses the iguana.
Your ball python bites the iguana but does no damage.
Your ball python constricts the iguana.
The iguana barely misses your ball python.
Your adder completely misses the iguana.
Your ball python bites the iguana but does no damage.
Your ball python bites the iguana.
The iguana dies!
Your ball python looks stronger.
You swap places.
There is a stone staircase leading up here.
You see here an iguana corpse.
You butcher the iguana corpse.
h - 2 chunks of flesh Memorise Spider Form, consuming 3 spell levels and leaving 0?
You start memorising the spell.
You continue memorising. x3
You finish memorising.
Spell assigned to 'p'.
Press: ? - help, v - describe, . - travel A stone staircase leading up.
Your ball python withers and dies!
Your adder withers and dies!
Your ball python withers and dies!
Found a stone staircase leading down.
Found a scroll labeled VIOBUXUTOL.
There is a stone staircase leading down here.
You climb downwards.
A ball python, a crimson imp and a zombie come into view.
The crimson imp shouts!
Found a wooden ring and a thick garnet amulet.
Found a stone staircase leading down.
There is a stone staircase leading up here.
Firing (i - inventory):
e - 17 stones (quivered)
Press: ? - help, Shift-Dir - straight line, f - ball python
Aim: a ball python (hasn't noticed you)
You shoot a stone. The stone hits the ball python.
You kill the ball python!
A bullfrog zombie comes into view.
Found a jewelled brass wand.
Found a stone staircase leading up.
You see here a wooden ring.
o - a wooden ring The crimson imp hits you.
* * * LOW HITPOINT WARNING * * *
The crimson imp closely misses you.
You see here a thick garnet amulet.
p - a thick garnet amulet The quokka zombie closely misses you.
The crimson imp blinks!
The quokka zombie bites you but does no damage.
The quokka zombie bites you but does no damage.
The bullfrog zombie hits you.
* * * LOW HITPOINT WARNING * * *
You aren't carrying any potions.
Unknown command.
Casting: Sticks to Snakes
Confirm with . or Enter, or press ? or * to list all spells.
You create 3 snakes!
You now have 2 arrows.
You feel a little less clever now. The bullfrog zombie hits you.
* * * LOW HITPOINT WARNING * * *
The bullfrog zombie misses you.
The crimson imp blinks!
Your ball python bites the bullfrog zombie.
Your ball python grabs the bullfrog zombie.
Your ball python constricts the bullfrog zombie.
Found a granite ring.
The bullfrog zombie struggles to escape constriction.
Your ball python bites the bullfrog zombie.
The quokka zombie bites your ball python.
Your ball python bites the bullfrog zombie. x2
Your ball python constricts the bullfrog zombie.
A bullfrog zombie comes into view.
The bullfrog zombie struggles to escape constriction.
Your ball python bites the quokka zombie.
Your ball python barely misses the quokka zombie.
Your ball python bites the bullfrog zombie. x2
Your ball python constricts the bullfrog zombie.
The quokka zombie bites your ball python.
Your ball python dies!
The bullfrog zombie struggles to escape constriction.
Your ball python bites the bullfrog zombie. x2
Your ball python constricts the bullfrog zombie.
The bullfrog zombie hits your ball python!
Your ball python dies!
Your ball python bites the bullfrog zombie.
Your ball python constricts the bullfrog zombie.
The bullfrog zombie hits your ball python.
Your ball python bites the bullfrog zombie.
Your ball python constricts the bullfrog zombie.
The bullfrog zombie escapes!
The quokka zombie barely misses your ball python.
Your ball python barely misses the bullfrog zombie. x2
There is a stone staircase leading up here.
The quokka zombie bites your ball python.
Your ball python dies!
You climb upwards.
Gorglomux's ghost (novice Hill Orc Earth Elementalist) comes into view.
It is wielding a weapon of freezing.
Gorglomux's ghost hits you!
You die...

### #####..
#####...=.#
.$........# #
####...?..#....
...$...@W......
###............
#...#........
#.....%......
##. #........
#. #........ .
#........ #.
#.##)..##


You could see Gorglomux's ghost.

Vanquished Creatures
  A hound skeleton (D:4)
  An adder (D:2)
  A giant cockroach (D:1)
  3 hobgoblins
  A quokka (D:1)
  A ball python (D:5)
  2 bats (D:1)
  2 frilled lizards (D:1)
  4 goblins
16 creatures vanquished.

Vanquished Creatures (collateral kills)
  An iguana (D:4)
  A worm (D:2)
2 creatures vanquished.

Grand Total: 18 creatures vanquished

Notes
Turn   | Place    | Note
-------+----------+-------------------------------------------
     0 | D:1      | tidbits the Demigod Transmuter began the quest for the Orb.
     0 | D:1      | Reached XP level 1. HP: 15/15 MP: 5/5
   150 | D:1      | Reached skill level 2 in Spellcasting
   214 | D:1      | Reached skill level 2 in Transmutations
   383 | D:2      | Reached XP level 2. HP: 10/22 MP: 5/7
   388 | D:2      | Learned a level 2 spell: Sticks to Snakes
   676 | D:4      | Reached skill level 3 in Transmutations
   676 | D:4      | Reached XP level 3. HP: 27/27 MP: 5/8
   705 | D:4      | Learned a level 3 spell: Spider Form
   742 | D:5      | Entered Level 5 of the Dungeon
   755 | D:5      | HP: 1/27 [bullfrog zombie (4)]
   763 | D:4      | Noticed Gorglomux's ghost (novice HOEE)
   763 | D:4      | Mangled by Gorglomux's ghost

Vault maps used:
D:1:      dpeg_arrival_arbitrary_b, kennysheep_boxes
D:2:      minmay_box_of_dots
D:3:      first_bread, kennysheep_crisscross, grunt_qazlal_sundering, uniq_ijyb,
          uniq_sigmund, uniq_terence
D:4:      trog_hazing_becter
D:5:      lemuel_blue_sif_altar, serial_undead, serial_undead_c,
          serial_undead_c, serial_undead_b, serial_undead_d, uniq_edmund

Skill      XL: |  1  2 |
---------------+-------+-----
Spellcasting   | 2 |  2.0
Transmutations | 2 3 |  3.4
Fighting       | |  0.8
Dodging        | |  1.7
Unarmed Combat | |  2.7

Action                   || total
-------------------------++-------
Melee: Dagger            ||    40
       Unarmed           ||    19
       Kick              ||     8
       Headbutt          ||     2
 Fire: Hunting sling     ||    13
 Cast: Beastly Appendage ||    12
       Sticks to Snakes  ||     7
  Use: Potion            ||     1
Armor: Robe              ||    15
Dodge: Dodged            ||    39

Table legend:
 A = Spawn XP
 B = Non-spawn XP
 C = Spawn XP percentage of total XP
 D = Spawn monster count
 E = Non-spawn monster count
 F = Spawn count percentage of total count
 G = Total turns spent on level
                    A         B        C        D         E        F      G
               +---------+---------+-------+---------+---------+-------+---------
         Total |       2 |      74 |   2.6 |       1 |      17 |   5.6 |   763
               +---------+---------+-------+---------+---------+-------+---------
           D:1 |       2 |      14 |  12.5 |       1 |       9 |  10.0 |   413
           D:2 |       0 |      23 |   0.0 |       0 |       5 |   0.0 |   249
           D:4 |       0 |      36 |   0.0 |       0 |       2 |   0.0 |    76
           D:5 |       0 |       1 |   0.0 |       0 |       1 |   0.0 |    21
               +---------+---------+-------+---------+---------+-------+---------

Table legend:
 A = Turns spent in this place as a percentage of turns spent in the entire game.
 B = Non-inter-level travel turns spent in this place as a percentage of non-inter-level travel turns spent in the entire game.
 C = Inter-level travel turns spent in this place as a percentage of turns spent in this place.
 D = Turns resting spent in this place as a percentage of non-inter-level travel turns spent in this place.
 E = Turns spent auto-exploring this place as a percentage of non-inter-level travel turns spent in this place.
 F = Non-inter-level travel turns spent in this place divided by the number of levels of this place that you've seen.
                   A       B       C       D       E      F
               +-------+-------+-------+-------+-------+----------------------
         Total | 100.0 | 100.0 |   0.0 |   0.0 |   0.0 | 152.6
       Dungeon | 100.0 | 100.0 |   0.0 |   0.0 |   0.0 | 152.6
               +-------+-------+-------+-------+-------+----------------------

Table legend:
 A = Kills in this place as a percentage of kills in entire the game.
 B = Kills by you in this place as a percentage of kills by you in the entire game.
 C = Kills by friends in this place as a percentage of kills by friends in the entire game.
 D = Other kills in this place as a percentage of other kills in the entire game.
 E = Experience gained in this place as a percentage of experience gained in the entire game.
 F = Experience gained in this place divided by the number of levels of this place that you have seen.
                   A       B       C       D       E      F
               +-------+-------+-------+-------+-------+----------------------
         Total | 100.0 | 100.0 | 100.0 |   N/A | 100.0 |  15.2
       Dungeon | 100.0 | 100.0 | 100.0 |   N/A | 100.0 |  15.2
               +-------+-------+-------+-------+-------+----------------------

Vault maps used:
D:1:      dpeg_arrival_arbitrary_b, kennysheep_boxes
D:2:      minmay_box_of_dots
D:3:      first_bread, kennysheep_crisscross, grunt_qazlal_sundering, uniq_ijyb,
          uniq_sigmund, uniq_terence
D:4:      trog_hazing_becter
D:5:      lemuel_blue_sif_altar, serial_undead, serial_undead_c,
          serial_undead_c, serial_undead_b, serial_undead_d, uniq_edmund
